 Dungeon Crawl Stone Soup version 0.21.1-1-g345015f (webtiles) character file.

122 goulibeur the Distorting Demonspawn (level 4, -12/37 HPs)
             Began as a Demonspawn Abyssal Knight on July 12, 2018.
             Was a Believer of Lugonu.
             Mangled by an ogre
             ... wielding a +0 giant club
              (15 damage)
             ... on level 4 of the Dungeon.
             The game lasted 00:06:16 (2507 turns).

goulibeur the Distorting Demonspawn (DsAK)          Turns: 2507, Time: 00:06:16

Health: -12/37     AC: 10    Str: 24    XL:     4   Next: 78%
Magic:  7/7        EV: 11    Int: 13    God:    Lugonu [**....]
Gold:   123        SH:  0    Dex: 14    Spells: 3/3 levels left

rFire    . . .     SeeInvis .   a - +1 short sword
rCold    . . .     Gourm    .   (no shield)
rNeg     . . .     Faith    .   d - +0 scale mail
rPois    .         Spirit   .   o - +0 helmet
rElec    .         Reflect  .   (no cloak)
rCorr    .         Harm     .   h - +1 pair of gloves {Str+3}
MR       .....                  (no boots)
Stlth    ..........             (no amulet)
HPRegen  0.12/turn              m - +4 ring of strength
MPRegen  0.10/turn              (no ring)

@: mighty
A: rugged brown scales 1, powered by pain 1, spiny 1
a: Depart the Abyss, Bend Space, Renounce Religion


You were on level 4 of the Dungeon.
You worshipped Lugonu.
Lugonu was pleased with you.
You were not hungry.

You visited 1 branch of the dungeon, and saw 4 of its levels.
You visited the Abyss 1 time.

You collected 123 gold pieces.

Inventory:

Hand Weapons
 a - a +1 short sword (weapon)
Armour
 b - a +0 leather armour
 d - a +0 scale mail (worn)
 h - a +1 pair of gloves of strength (worn)
 o - a +0 helmet (worn)
Jewellery
 m - a +4 ring of strength (left hand)
Scrolls
 e - a scroll of amnesia {unknown}
 j - a scroll of remove curse {unknown}
 l - 3 scrolls of enchant armour {unknown}
 n - 2 scrolls of enchant weapon {unknown}
Potions
 g - a potion of curing {unknown}
 i - a potion of cancellation {unknown}
 k - a potion of lignification {unknown}
Comestibles
 c - 6 rations
 f - a chunk of flesh


   Skills:
 + Level 3.6 Fighting
 - Level 1.7 Short Blades
 + Level 2.5 Armour
 + Level 1.9 Dodging
 * Level 4.5 Invocations


You had 3 spell levels left.
You didn't know any spells.

Dungeon Overview and Level Annotations

Branches:
Dungeon (4/15)
 Temple: D:4-7

Altars:
Elyvilon
Trog
Xom

Annotations:
D:3 sipior's ghost, amateur GrFi


Innate Abilities, Weirdness & Mutations

You are partially covered in rugged brown scales. (AC +1, +3% HP)
You sometimes gain a little power by taking damage.
You are partially covered in sharp spines.


Message History

The ogre shouts!
You see here 11 gold pieces.
You now have 123 gold pieces (gained 11).
Okay, then.
You completely miss the ogre. The ogre barely misses you.
You hit the ogre.
The ogre is moderately wounded.
The ogre is struck by your spines. The ogre hits you with a giant club!
Your scale mail prevents you from hitting the ogre.
The ogre is moderately wounded.
You puncture the ogre!
The ogre is severely wounded.
The ogre hits you with a giant club!!
Ouch! That really hurt!
* * * LOW HITPOINT WARNING * * *
You focus on the pain.
You feel very mighty all of a sudden.
There is a bloodstained altar of Trog here.
The ogre is struck by your spines. The ogre hits you with a giant club!
You die...

#####.......#
######...........#
#.......#####...## ....#..###
#<..# ######.# ##..#
#...(..##### ##.##
#..........# #..#
#..###.###O#####..##
#..#...###@#.##....##
##..#.(..##.#........## #
#......_..............## ###
#.#.##....#.........>..###..
...#.###...#........###....<.
....##.###.###.......##
##..... ......
#.............### #.....
...... #####........## #.....
..... #........## ##....


You could see an ogre.

Vanquished Creatures
  4 adders (D:2)
  3 oozes
  2 worms (D:2)
  2 dart slugs
  2 leopard geckos (D:2)
  4 giant cockroaches
  11 goblins
  4 hobgoblins
  6 jackals (D:1)
  A quokka (D:2)
  A ball python (D:2)
  2 bats (D:2)
  5 frilled lizards
  6 kobolds
  7 rats
60 creatures vanquished.

Notes
Turn   | Place    | Note
-------+----------+-------------------------------------------
     0 | Abyss:1  | goulibeur the Demonspawn Abyssal Knight began the quest for the Orb.
     0 | Abyss:1  | Reached XP level 1. HP: 18/18 MP: 2/2
    19 | Abyss:1  | Found a deep blue altar of Sif Muna.
    26 | Abyss:1  | Noticed an apocalypse crab
    27 | D:1      | Escaped the Abyss
    78 | D:1      | Reached skill level 1 in Dodging
   240 | D:1      | Gained mutation: You are partially covered in rugged brown scales. (AC +1, +3% HP) [demonic ancestry]
   240 | D:1      | Reached XP level 2. HP: 18/24 MP: 4/4
   244 | D:1      | Reached skill level 3 in Invocations
   503 | D:1      | Reached * piety under Lugonu
   584 | D:1      | Gained mutation: You are partially covered in sharp spines. [demonic ancestry]
   584 | D:1      | Reached XP level 3. HP: 29/29 MP: 5/5
  1349 | D:2      | Reached skill level 4 in Invocations
  1349 | D:2      | Gained mutation: You sometimes gain a little power by taking damage. [demonic ancestry]
  1349 | D:2      | Reached XP level 4. HP: 29/36 MP: 5/7
  1584 | D:2      | Found a white marble altar of Elyvilon.
  1584 | D:2      | Found a shimmering altar of Xom.
  1688 | D:2      | Reached ** piety under Lugonu
  1731 | D:2      | Found a faded altar of an unknown god.
  2222 | D:3      | Noticed sipior's ghost (amateur GrFi)
  2401 | D:4      | Found a bloodstained altar of Trog.
  2468 | D:4      | Noticed an ogre
  2485 | D:4      | HP: 1/37 [ogre/giant club (25)]
  2507 | D:4      | Mangled by an ogre

Skill      XL: |  1  2  3 |
---------------+----------+-----
Dodging        | 1 |  1.9
Invocations    | 3 4 |  4.5
Armour         | 2 |  2.5
Fighting       | |  3.6
Short Blades   | |  1.7

Action                   |  1- 3 |  4- 6 || total
-------------------------+-------+-------++-------
Melee: Short sword       |   107 |    58 ||   165
Invok: Depart the Abyss  |     1 |       ||     1
  Eat: Chunk             |     1 |     4 ||     5
Armor: Scale mail        |    50 |    22 ||    72
Dodge: Dodged            |    41 |    25 ||    66
